 Dungeon Crawl Stone Soup version 0.30-a0-1085-g990a428a5c (webtiles) character file.

Game seed: 15442886422098116780

11850 cheesebisquit the Fighter (level 12, -7/101 HPs)
             Began as a Djinni Fire Elementalist on Apr 16, 2023.
             Was a Priest of Ashenzari.
             Mangled by a boulder beetle (13 damage)
             ... on level 11 of the Dungeon.
             The game lasted 00:41:10 (11021 turns).

cheesebisquit the Fighter (DjFE)                   Turns: 11021, Time: 00:41:11

Health: -7/101     AC:  8    Str: 10    XL:     12   Next: 12%
Gold:   1375       EV: 18    Int: 20    God:    Ashenzari [***...] SH:  0 Dex: 16

rFire   + + +      SeeInvis +    O - +2 long sword (elec)
rCold   x . .      Faith    .    (no shield)
rNeg    . . .      Spirit   .    i - +0 troll leather armour "Shackled Fetters" {Regen+, Self, Melee} (curse)
rPois   ∞          Reflect  .    E - +1 helmet of the Revealing Yoke {rElec Str+3, Melee, Self} (curse)
rElec   +          Rampage  .    w - +0 cloak of Ashenzari's Ordeal {Evo, Cun} (curse)
rCorr   .          Clarity  +    r - +0 pair of gloves of Ashenzari's Anxiety {Range, Fort} (curse)
Will    +....                    (boots unavailable)
Stlth   ++                       (no amulet)
HPRegen 1.16/turn                f - ring of wizardry
MPRegen 0.00/turn                I - ring "Tethered Foul Odours" {rF+, Fort, Cun} (curse)

@: about to teleport, flying, slowed, very slow
A: sickness immunity, fire resistance 2, cold vulnerability 1, float, innate
caster, HP casting, extra vitality 1
a: Renounce Religion, Shatter the Chains


You were on level 11 of the Dungeon.
You worshipped Ashenzari.
Ashenzari was most pleased with you.
You visited 2 branches of the dungeon, and saw 12 of its levels.

You collected 1584 gold pieces.
You spent 209 gold pieces at shops.

Inventory:

Hand Weapons
 D - a +0 great mace of holy wrath
 O - a +2 long sword of electrocution (weapon)
Missiles
 c - 43 poisoned darts
 J - 3 curare-tipped darts
 K - 6 atropa-tipped darts
Armour
 i - the cursed +0 troll leather armour "Shackled Fetters" (worn) {Regen+, Self, Melee}
   (You found it on level 10 of the Dungeon)

   Regen:     It increases your rate of health regeneration.
   It has a curse which improves the following skills: Introspection: Fighting
   and Spellcasting.
   Melee Combat: Short Blades, Long Blades, Axes, Maces & Flails, Polearms,
   Staves and Unarmed Combat.
 r - the cursed +0 pair of gloves of Ashenzari's Anxiety (worn) {Range, Fort}
   (You found it on level 3 of the Dungeon)

   It has a curse which improves the following skills: Ranged Combat: Ranged
   Weapons and Throwing.
   Fortitude: Armour and Shields.
 w - the cursed +0 cloak of Ashenzari's Ordeal (worn) {Evo, Cun}
   (You found it on level 4 of the Dungeon)

   It has a curse which improves the following skills: Evocations: Evocations.
   Cunning:   Dodging and Stealth.
 E - the cursed +1 helmet of the Revealing Yoke (worn) {rElec Str+3, Melee, Self}
   (You bought it in a shop on level 5 of the Dungeon)

   Str:       It affects your strength (+3).
   rElec:     It insulates you from electricity.
   It has a curse which improves the following skills: Melee Combat: Short
   Blades, Long Blades, Axes, Maces & Flails, Polearms, Staves and Unarmed
   Combat.
   Introspection: Fighting and Spellcasting.
Jewellery
 d - a +6 ring of strength
 f - a ring of wizardry (left hand)
 k - a +5 ring of evasion
 I - the cursed ring "Tethered Foul Odours" (right hand) {rF+, Fort, Cun}
   (You found it on level 7 of the Dungeon)

   [ring of protection from fire]

   rF:        It protects you from fire.
   It has a curse which improves the following skills: Fortitude: Armour and
   Shields.
   Cunning:   Dodging and Stealth.
Wands
 b - a wand of digging (3)
 h - a wand of iceblast (3)
 v - a wand of charming (9)
 x - a wand of flame (29)
 y - a wand of quicksilver (17)
Scrolls
 g - 4 scrolls of amnesia
 j - 4 scrolls of teleportation
 m - 2 scrolls of fog
 s - 2 scrolls of enchant weapon
 u - a scroll of immolation
 A - a scroll of silence
 C - 3 scrolls of magic mapping
 G - 2 scrolls of poison
 M - a scroll of enchant armour
 N - 4 scrolls of identify
 P - a scroll of brand weapon
Potions
 a - a potion of magic
 e - a potion of resistance
 l - a potion of berserk rage
 n - 3 potions of invisibility
 o - 3 potions of flight
 p - a potion of ambrosia
 q - 2 potions of cancellation
 t - 4 potions of degeneration
 z - a potion of brilliance
 B - 2 potions of mutation
 F - 3 potions of attraction
 H - 2 potions of might


   Skills:
 * Level 12.2(14.3) Fighting
 + Level 9.8(12.0) Dodging
 - Level 1.5(3.1) Stealth
 + Level 8.9(11.1) Spellcasting


You knew the following spells:

 Your Spells              Type           Power      Damage    Failure   Level
a - Foxfire               Conj/Fire      100%       2x1d9     1%          1
b - Passwall              Tmut/Erth      45%        N/A       1%          2
c - Volatile Blastmotes   Fire/Tloc      100%       2d18      1%          3
d - Inner Flame           Hex/Fire       54%        N/A       1%          3
e - Flame Wave            Conj/Fire      54%        2d13      1%          4
f - Slow                  Hex            100%       N/A       1%          1
g - Frozen Ramparts       Ice            100%       1d16      1%          3
h - Animate Dead          Necr           54%        N/A       1%          4
i - Agony                 Necr           54%        N/A       1%          5
z - Scorch                Fire           100%       2d9       1%          2
Your spell library was empty.

Dungeon Overview and Level Annotations

Branches:
Dungeon (11/15)            Temple (1/1) D:6             Orc (0/2) D:9
   Lair: D:8-11

Altars:
Ashenzari
Cheibriados
Dithmenos
Elyvilon
Fedhas
Gozag
Hepliaklqana
Makhleb
Nemelex Xobeh
Okawaru
Qazlal
Ru
Trog
Uskayaw
Wu Jian
Xom
Yredelemnul
Zin
The Shining One

Shops:
D:1 *   D:5 [

Annotations:
D:5 3 runed translucent doors, halvedace's ghost, amateur MfBe; hwolsky's ghost, novice MiFi
D:11 exclusion: obsidian statue


Innate Abilities, Weirdness & Mutations

You are immune to sickness and miasma.
You are immune to poison.
Your flesh is very heat resistant. (rF++)
You are vulnerable to cold. (rC-)
You float through the air rather than walking.
You learn spells naturally, not from books.
Your magical power is your life essence.
You have superior vitality. (+4 MHP)


Message History

The foxfire hits the boulder beetle but does no damage.
The boulder beetle is moderately wounded.
The boulder beetle bites you!!
You conjure some foxfire!
The wraith hits you!
Casting: Foxfire (safe; 1% risk of failure)
Confirm with . or Enter, or press ? or * to list all spells.
Flames lash the wraith.
The wraith is lightly damaged.
The wraith's fire resistance burns away.
The foxfire hits the wraith but does no damage.
The wraith is lightly damaged.
The foxfire hits the boulder beetle but does no damage.
The boulder beetle is moderately wounded.
The boulder beetle bites you! The wraith hits you.
You are too injured to fight recklessly!
Casting: Foxfire (safe; 1% risk of failure)
Press: ? - help, Q - select action, (/) - cycle Dir - look around, f - activate You conjure some foxfire!
The boulder beetle bites you but does no damage.
The wraith hits you.
Casting: Foxfire (safe; 1% risk of failure)
Confirm with . or Enter, or press ? or * to list all spells.
Flames lash the wraith.
The wraith is burned terribly!
The wraith is moderately damaged.
The foxfire hits the boulder beetle.
The boulder beetle is moderately wounded.
The foxfire hits the boulder beetle but does no damage.
The boulder beetle is moderately wounded.
The wraith hits you.
* * * LOW HITPOINT WARNING * * *
The wraith drains your vigour!
You feel yourself slow down.
As you read the scroll of teleportation, it crumbles to dust.
You feel strangely unstable. The boulder beetle bites you.
* * * LOW HITPOINT WARNING * * *
The wraith completely misses you.
The boulder beetle waves its antennae.
The boulder beetle bites you!!
* * * LOW HITPOINT WARNING * * *
The wraith closely misses you. The boulder beetle bites you!
You die...

, * ,... *
#..[.## *, ..,,*
### * * ,.. * ∆
, *#' * * ∩ , #.
*, ,8 ###'######
, , #........# *
#..BW....### ,
** #...@....'.#
,
,,*#........#..+
, ,
+........#*## ,
#........# , , ,
* * ####'##### *
* #.# .# #.# #.#
####'## #####.##
#.....####
#.......


You could see a boulder beetle (slow) and a wraith (combustible).

Vanquished Creatures
  Erolcha (D:9)
  3 two-headed ogres
  Pikel (D:7)
  A cyclops (D:11)
  Joseph (D:7)
  An unseen horror (D:11)
  A troll (D:10)
  Grinder (D:3)
  Sigmund (D:5)
  A shadow (D:10)
  2 wyverns (D:10)
  Eustachio (D:5)
  14 yaks
  5 steam dragons
  Menkaure (D:5)
  3 vampire mosquitoes (D:11)
  Duvessa (D:4)
  5 orc warriors
  5 sky beasts
  3 black bears
  An ice beast (D:5)
  2 ogres
  4 centaurs
  2 phantoms
  2 lemures (D:7)
  Blork the orc (D:5)
  3 kobold brigands
  A bullfrog (D:8)
  2 scorpions
  Dowan (D:4)
  4 killer bees (D:8)
  3 howler monkeys
  A hound (D:3)
  2 jellies
  8 orc priests
  Ijyb (D:5)
  An iguana (D:7)
  Terence (D:3)
  2 sleepcaps
  Natasha (thrice) (D:2)
  10 orc wizards
  Robin (D:3)
  7 adders
  3 white imps
  An ufetubus (D:6)
  6 worms
  5 dart slugs
  51 orcs
  4 ball pythons
  5 endoplasms
  3 giant cockroaches
  13 goblins
  12 hobgoblins
  2 jackals (D:1)
  23 kobolds
  3 quokkas (D:2)
  3 bats
  A frilled lizard (D:2)
  6 rats
256 creatures vanquished.

Vanquished Creatures (others)
  776 foxfires
  2 plants (D:1)
778 creatures vanquished.

Grand Total: 1034 creatures vanquished

Notes
Turn   | Place    | Note
-------+----------+-------------------------------------------
     0 | D:1      | cheesebisquit the Djinni Fire Elementalist began the quest
                  | for the Orb.
     0 | D:1      | cheesebisquit set off with the following spells memorised:
                  | Foxfire, Scorch, Volatile Blastmotes, Inner Flame, Flame
                  | Wave.
     0 | D:1      | Reached XP level 1. HP: 15/15 MP: 0/0
     0 | D:1      | Found Giudd's Assorted Antiques.
    72 | D:1      | Reached XP level 2. HP: 15/21 MP: 0/0
   425 | D:1      | Reached XP level 3. HP: 22/25 MP: 0/0
   425 | D:1      | Learned a level 1 spell: Slow
   695 | D:1      | Found a faded altar of an unknown god.
   835 | D:2      | Reached XP level 4. HP: 30/31 MP: 0/0
  1127 | D:2      | Identified the +1 leather armour of Xom's Supremacy {-Cast
                  | rF+ Stlth+}
  1130 | D:2      | Noticed Natasha
  1141 | D:2      | Killed Natasha
  1277 | D:2      | Noticed Natasha
  1281 | D:2      | Killed Natasha
  1282 | D:2      | Reached XP level 5. HP: 24/35 MP: 0/0
  1282 | D:2      | Learned a level 2 spell: Passwall
  1514 | D:2      | Noticed Natasha
  1519 | D:2      | Killed Natasha
  1771 | D:3      | Noticed Grinder
  1783 | D:3      | Noticed Terence
  1783 | D:3      | Killed Grinder
  1784 | D:3      | Reached skill level 5 in Spellcasting
  1784 | D:3      | Reached XP level 6. HP: 28/40 MP: 0/0
  1787 | D:3      | Noticed Robin
  1790 | D:3      | Killed Terence
  1791 | D:3      | Reached XP level 7. HP: 24/45 MP: 0/0
  1791 | D:3      | Learned a level 3 spell: Frozen Ramparts
  1792 | D:3      | Killed Robin
  1978 | D:3      | Found an opulent altar of Gozag.
  1987 | D:3      | Found an opulent altar of Gozag.
  1987 | D:3      | Found an opulent altar of Gozag.
  2161 | D:3      | Found a blossoming altar of Fedhas.
  2226 | D:3      | Reached skill level 1 in Fighting
  2293 | D:3      | Found an opulent altar of Gozag.
  2547 | D:4      | Reached skill level 2 in Fighting
  2658 | D:4      | Reached skill level 3 in Fighting
  2658 | D:4      | Reached XP level 8. HP: 25/56 MP: 0/0
  3225 | D:4      | Noticed Dowan
  3227 | D:4      | Noticed Duvessa
  3230 | D:4      | Killed Dowan
  3237 | D:4      | Killed Duvessa
  3238 | D:4      | Reached skill level 4 in Fighting
  3592 | D:5      | Entered Level 5 of the Dungeon
  3617 | D:5      | Noticed Blork the orc
  3622 | D:5      | Killed Blork the orc
  3669 | D:5      | Noticed Eustachio
  3687 | D:5      | Killed Eustachio
  3688 | D:5      | Reached skill level 5 in Fighting
  3835 | D:5      | Found a runed translucent gate.
  3837 | D:5      | Found a runed translucent gate.
  3838 | D:5      | Found a runed translucent gate.
  3839 | D:5      | Noticed hwolsky's ghost (novice MiFi)
  3839 | D:5      | Noticed halvedace's ghost (amateur MfBe)
  3861 | D:5      | Noticed Ijyb
  3866 | D:5      | Killed Ijyb
  3907 | D:5      | Noticed Sigmund
  3920 | D:5      | Killed Sigmund
  3921 | D:5      | Reached XP level 9. HP: 49/65 MP: 0/0
  3921 | D:5      | Learned a level 4 spell: Animate Dead
  4155 | D:5      | Noticed Menkaure
  4160 | D:5      | Reached skill level 5 in Dodging
  4162 | D:5      | Killed Menkaure
  4163 | D:5      | Reached skill level 6 in Fighting
  4336 | D:5      | Found Aplost's Antique Armour Boutique.
  4347 | D:5      | Bought a jewelled helmet for 209 gold pieces
  4347 | D:5      | Identified the +1 helmet of Hepliaklqana's Reproof {rElec
                  | Str+3} (You bought it in a shop on level 5 of the Dungeon)
  4903 | D:6      | Found a staircase to the Ecumenical Temple.
  4911 | Temple   | Entered the Ecumenical Temple
  4918 | Temple   | Became a worshipper of Ashenzari the Shackled
  5166 | D:6      | Reached skill level 7 in Fighting
  5427 | D:7      | Found a glowing silver altar of Zin.
  5431 | D:7      | Found a sacrificial altar of Ru.
  5436 | D:7      | Found a white marble altar of Elyvilon.
  5782 | D:7      | Noticed Pikel
  5801 | D:7      | Killed Pikel
  5802 | D:7      | Reached skill level 8 in Fighting
  5802 | D:7      | Reached XP level 10. HP: 42/76 MP: 0/0
  5930 | D:7      | Noticed Joseph
  5939 | D:7      | Killed Joseph
  6937 | D:8      | Reached skill level 9 in Fighting
  7968 | D:9      | Noticed a two-headed ogre
  7974 | D:9      | Killed a two-headed ogre
  8100 | D:9      | Reached * piety under Ashenzari
  8100 | D:9      | Identified a scroll of acquirement
  8101 | D:9      | Acquired 700 gold pieces
  8130 | D:9      | Reached skill level 10 in Fighting
  8130 | D:9      | Reached XP level 11. HP: 29/86 MP: 0/0
  8130 | D:9      | Learned a level 5 spell: Agony
  8467 | D:9      | Found a snail-covered altar of Cheibriados.
  8490 | D:9      | Found a staircase to the Orcish Mines.
  8502 | D:9      | Noticed Erolcha
  8510 | D:9      | Killed Erolcha
  8849 | D:9      | Reached ** piety under Ashenzari
  8963 | D:10     | Entered Level 10 of the Dungeon
  9005 | D:10     | Reached skill level 11 in Fighting
  9542 | D:10     | Noticed a two-headed ogre
  9560 | D:10     | Killed a two-headed ogre
  9646 | D:10     | Reached *** piety under Ashenzari
  9651 | D:10     | Found a shadowy altar of Dithmenos.
 10399 | D:11     | Noticed a cyclops
 10411 | D:11     | Killed a cyclops
 10426 | D:11     | Noticed a boulder beetle
 10588 | D:11     | Reached XP level 12. HP: 91/100 MP: 0/0
 10615 | D:11     | Reached skill level 12 in Fighting
 10724 | D:11     | Noticed a two-headed ogre
 10732 | D:11     | Killed a two-headed ogre
 11021 | D:11     | Mangled by a boulder beetle

Illustrated notes

Levels and vault maps discovered:
D:1:      dreamdust_arrival_beginning_and_end, layout_basic,
          shapermc_ecumenical_altar_petra, serial_shops, shop
D:2:      layout_rooms, serial_aquarium, aquarium_bridge_long_joined
          [aquarium_subvault_bridge, aquarium_subvault_wall,
          aquarium_subvault_window, aquarium_subvault_window,
          aquarium_subvault_bridge, aquarium_subvault_wall],
          aquarium_window_fake, aquarium_window_corridor_1, aquarium_view_2c,
          aquarium_view_2a, aquarium_balcony_double_1, uniq_natasha
D:3:      layout_basic, nicolae_gozag_conspicuous_consumption, fedhas_altar_3,
          minmay_fractal_squares_diagonal_5, uniq_robin, uniq_grinder,
          uniq_terence
D:4:      kennysheep_big_flooded_room, layout_gridville,
          nicolae_figureground_pulse, uniq_duvessa
D:5:      layout_basic, gammafunk_ghost_cemetery, serial_shops, shop_fountains,
          uniq_blork_the_orc, uniq_eustachio, uniq_ijyb, uniq_sigmund,
          uniq_menkaure
D:6:      layout_rooms, minmay_temple_entry_glassed_door
D:7:      layout_loops_cross, grunt_temple_overflow_diamond,
          nicolae_ossuary_entry_monument, uniq_joseph, uniq_pikel
D:8:      layout_loops_corners
D:9:      nicolae_cairo_tiling_large_dashed, layout_cave_pools,
          mainiacjoe_overflow_chevrons, uniq_erolcha
D:10:     layout_irregular_city, mainiacjoe_overflow_alcove_4,
          grunt_ministairs_11
D:11:     layout_roguey, lair_entry_dummy, special_room [special_room_orc],
          enter_trove_2, minivault_16, billiards_dpeg
Temple:   regret_index_temple_waves

Skill      XL: |  1  2  3  4  5  6  7  8  9 10 11 12 |
---------------+-------------------------------------+-----
Spellcasting   | 3 4 5 6 7 8 |  8.9
Fighting       | 3 5 8 10 11 12 | 12.2
Dodging        | 3 4 6 8 9 |  9.8
Stealth        | |  1.5

Action                     |  1- 3 |  4- 6 |  7- 9 | 10-12 || total
---------------------------+-------+-------+-------+-------++-------
  Melee: Unarmed           |     2 |       |       |       ||     2
         Long sword        |     8 |     1 |     2 |    13 ||    24
   Cast: Foxfire           |    50 |    45 |   209 |   148 ||   452
         Scorch            |       |     7 |    68 |   108 ||   183
         Inner Flame       |       |       |       |    39 ||    39
         Slow              |       |       |       |     4 ||     4
         Volatile Blastmot |       |       |       |     3 ||     3
 Invoke: Curse Item        |       |       |     1 |     4 ||     5
    Use: Scroll            |       |       |    10 |     5 ||    15
         Potion            |       |       |     1 |     3 ||     4
 Armour: Robe              |       |     1 |    10 |       ||    11
         Steam dragon scal |       |       |     7 |    24 ||    31
         Troll leather arm |       |       |       |     4 ||     4
  Dodge: Dodged            |     4 |     8 |    66 |   130 ||   208

Table legend: (Time is in decaauts)
 A = Elapsed time spent in this place.
 B = Non-inter-level travel time spent in this place.
 C = Inter-level travel time spent in this place.
 D = Time resting spent in this place.
 E = Time spent auto-exploring this place.
 F = Levels seen in this place.
 G = Mean time per level.
                   A        B        C        D        E       F      G
               +--------+--------+--------+--------+--------+-----+--------+
         Total |  11047 |  10236 |    811 |    247 |   8429 |  12 |  920.6 |
       Dungeon |  10926 |  10164 |    762 |    247 |   8372 |  11 |  993.3 |
        Temple |    121 |     72 |     49 |      0 |     57 |   1 |  121.0 |
               +--------+--------+--------+--------+--------+-----+--------+

Top non-repeatable levels by time:
     D:8: 1313 daAuts
     D:9: 1263 daAuts
     D:5: 1255 daAuts
     D:2: 1154 daAuts
    D:10: 1138 daAuts
     D:7: 1055 daAuts
     D:3: 1043 daAuts
     D:4: 861 daAuts
    D:11: 663 daAuts
     D:1: 619 daAuts
     D:6: 558 daAuts
  Temple: 121 daAuts
